AoeStats
← Tamor

MegaRandom

510367642Analyzed
4v4 RM · 1d ago on Sep 30, 2026· 43m 44s· 8 players
Game mode
Random Map
Map size
Large (8 player)
Population
200
Speed
Normal
Resources
Standard
Victory
Conquest
Starting age
Dark Age
Ending age
Imperial Age
RankedLock teamsTeams togetherTeam positionsShared explorationLock speedFull tech treeHidden civsTurbo modeCheats
Victory
Defeat
🇫🇷 Franks · France
890
+12
🇹🇷 Vietnamese · Türkiye
813
+15
🇹🇷 Ethiopians · Türkiye
800
+15
🇲🇽 Mongols · Mexico
786
+16
🇪🇸 Britons · Spain
878
-18
🇧🇷 Ethiopians · Brazil
792
-15
🇦🇷 Aztecs · Argentina
763
-13
🇨🇱 Khmer · Chile
719
-12
asuna
2:06 Loom
12:26 Feudal Age
19:36 Castle Age
18:07 Double-Bit Axe
22:04 Bow Saw
27:14 Wheelbarrow
28:41 Gold Mining
28:41 Stone Mining
30:04 Horse Collar
33:36 Imperial Age
32:14 Hand Cart
32:09 Scale Barding Armor
32:12 Husbandry
32:49 Forging
33:03 Ballistics
32:54 Masonry
33:18 Bloodlines
35:04 Town Watch
36:00 Stone Shaft Mining
35:48 Chain Barding Armor
36:03 Iron Casting
36:32 Chemistry
38:04 Two-Man Saw
37:44 Chatras
38:42 Coinage
38:24 Guilds
41:49 Padded Archer Armor
41:39 Fletching
42:18 Elite Rattan Archer
44:03 Bodkin Arrow
44:23 Leather Archer Armor
44:50 Banking
44:20 Caravan
Sir Corsario II
4:09 Loom
12:56 Feudal Age
14:50 Double-Bit Axe
19:46 Horse Collar
19:58 Gold Mining
25:21 Castle Age
24:15 Bloodlines
24:30 Scale Barding Armor
25:14 Forging
26:38 Wheelbarrow
26:42 Chain Barding Armor
27:26 Iron Casting
29:05 Husbandry
36:02 Hand Cart
41:19 Imperial Age
39:01 Bow Saw
40:10 Caravan
Eyeskillyou
7:50 Loom
12:27 Feudal Age
18:50 Castle Age
17:10 Double-Bit Axe
21:53 Husbandry
28:24 Wheelbarrow
27:35 Town Watch
28:23 Bow Saw
29:33 Gold Mining
30:29 Scale Barding Armor
30:35 Forging
31:46 Caravan
32:17 Coinage
e4gl3
0:48 Loom
10:39 Feudal Age
11:49 Double-Bit Axe
11:47 Horse Collar
23:02 Castle Age
22:16 Stone Mining
22:19 Gold Mining
23:54 Heavy Plow
24:22 Bow Saw
23:42 Crossbowman
25:07 Squires
26:28 Thumb Ring
26:15 Fletching
26:26 Padded Archer Armor
33:44 Imperial Age
32:59 Leather Archer Armor
32:39 Bodkin Arrow
35:07 Ring Archer Armor
34:38 Bracer
34:01 Arbalester
35:54 Chemistry
37:35 Ballistics
Chorche
11:20 Feudal Age
13:03 Wheelbarrow
16:02 Double-Bit Axe
16:22 Horse Collar
19:02 Gold Mining
21:53 Castle Age
24:10 Caravan
24:49 Bow Saw
24:28 Crossbowman
25:22 Squires
26:12 Padded Archer Armor
26:03 Fletching
26:41 Pikeman
30:29 Heavy Plow
30:51 Town Watch
31:39 Bodkin Arrow
34:42 Hand Cart
35:05 Town Patrol
37:01 Forging
37:08 Leather Archer Armor
38:11 Loom
39:14 Iron Casting
38:39 Scale Mail Armor
43:08 Imperial Age
41:09 Chain Mail Armor
40:41 Arson
43:15 Yeomen
43:24 Ballistics
Patoassasin
11:16 Feudal Age
20:06 Castle Age
20:13 Double-Bit Axe
20:11 Horse Collar
20:27 Stone Mining
20:28 Gold Mining
21:55 Bow Saw
23:26 Loom
24:03 Scale Mail Armor
24:14 Forging
27:01 Pikeman
29:12 Elite Skirmisher
29:56 Fletching
32:43 Wheelbarrow
33:01 Bodkin Arrow
33:37 Heavy Plow
34:42 Iron Casting
34:22 Chain Mail Armor
39:50 Imperial Age
38:05 Hand Cart
42:12 Blast Furnace
41:43 Plate Mail Armor
Jx
0:31 Loom
15:20 Feudal Age
17:42 Wheelbarrow
16:52 Town Watch
16:56 Double-Bit Axe
16:51 Horse Collar
22:42 Castle Age
28:00 Hand Cart
28:33 Pikeman
28:58 Arson
36:58 Imperial Age
35:32 Stone Mining
35:32 Gold Mining
36:38 Light Cavalry
37:29 Bloodlines
37:19 Husbandry
37:07 Halberdier
37:33 Arson
38:12 Heavy Plow
38:25 Bow Saw
42:07 Conscription
Tamor
8:32 Loom
11:40 Feudal Age
18:55 Castle Age
18:59 Crossbowman
20:40 Double-Bit Axe
23:09 Wheelbarrow
29:16 Hand Cart
Connection lost

Rejoining the realm…

Still unreachable

The connection could not be restored.

Session expired

The server has moved on; the page needs a fresh start.